 Dungeon Crawl Stone Soup version 0.27-a0-686-gaed091b46b (webtiles) character file.

Game seed: 5491913291169595582

151 night the Scratcher (level 5, -3/22 HPs)
             Began as a Felid Transmuter on Mar 20, 2021.
             Killed by divine providence
             ... invoked by an orc priest
              (11 damage)
             ... on level 3 of the Dungeon.
             The game lasted 00:07:38 (3936 turns).

night the Scratcher (Felid Transmuter)              Turns: 3936, Time: 00:07:39

Health: -3/22      AC:  1    Str:  7    XL:     5   Next: 11%
Magic:  9/9        EV: 18    Int: 15    God:
Gold:   72         SH:  0    Dex: 16    Spells: 3/9 levels left
                                        Lives:  0   Deaths: 1

rFire    . . .     SeeInvis +     - Unarmed
rCold    . . .     Faith    .   (shield unavailable)
rNeg     . . .     Spirit   .   (armour unavailable)
rPois    .         Reflect  .   (helmet unavailable)
rElec    .         Harm     .   (cloak unavailable)
rCorr    .         Rampage  .   (gloves unavailable)
Will     .....                  (boots unavailable)
Stlth    ++........             (no amulet)
HPRegen  0.07/turn              (no ring)
MPRegen  0.11/turn              (no ring)

@: quick
A: very small, claws 1, fangs 3, see invisible, speed 1, shaggy fur 1, stealthy
paws, no weapons or thrown items, no armour, multi-lived
a: no special abilities


You were on level 3 of the Dungeon.
You visited 1 branch of the dungeon, and saw 3 of its levels.

You collected 72 gold pieces.

Inventory:

Scrolls
 b - 4 scrolls of magic mapping {unknown}
 c - 2 scrolls of identify {unknown}
 f - 3 scrolls of fog {unknown}
Potions
 a - a potion of invisibility {unknown}
 d - 2 potions of degeneration {unknown}
 e - a potion of mutation {unknown}
 g - 2 potions of heal wounds {unknown}


   Skills:
 - Level 1.0 Fighting
 - Level 3.9 Dodging
 * Level 4.7 Unarmed Combat
 + Level 2.5 Spellcasting
 + Level 3.5 Transmutations
 + Level 0.7 Poison Magic


You had 3 spell levels left.
You knew the following spells:

 Your Spells              Type           Power      Damage    Failure   Level
a - Beastly Appendage     Tmut           24%        N/A       4%          1
b - Wereblood             Tmut           12%        N/A       8%          2
c - Spider Form           Tmut/Pois      4%         N/A       26%         3

Your spell library contained the following spells:

 Spells                   Type           Power      Damage    Failure   Level
 Ice Form                 Ice/Tmut       7%         N/A       71%         4
 Blade Hands              Tmut           6%         N/A       80%         5


Dungeon Overview and Level Annotations

Branches:
Dungeon (3/15)

Altars:

Annotations:
D:3 exclusion: orc wizard


Innate Abilities, Weirdness & Mutations

You have sharp claws.
You have razor-sharp teeth.
You have supernaturally acute eyesight. (SInv)
You cover ground quickly. (Speed+)
You are covered in fur. (AC +1)
Your stealthy paws help you sneak and pounce on unaware monsters.
You are incapable of wielding weapons or throwing items.
You cannot wear armour.
You gain extra lives every three experience levels.


Message History

Items here: ) [ ††.
Natasha, Servant of Life and Death comes into view.
Natasha hisses angrily.
You hear a shout!
An orc priest comes into view. It is wielding a +0 hand axe.
The orc priest shouts!
You hear a shout!
Natasha closely misses you.
You hear a shout!
You scratch Natasha.
Natasha is moderately wounded.
You hear a shout!
Natasha misses you.
You scratch Natasha.
Natasha is severely wounded.
Natasha closely misses you.
You closely miss Natasha.
Natasha is severely wounded.
The orc priest begins to cast a cantrip, but forgets the words!
The orc wizard casts a spell at itself.
The orc wizard flickers and vanishes for a moment.
Natasha closely misses you.
You closely miss Natasha.
Natasha is severely wounded.
Natasha stares at you and mumbles some strange words.
The magic dart hits you.
You barely miss Natasha.
Natasha is severely wounded.
You scratch Natasha.
Natasha is almost dead.
Natasha casts a spell at you. The magic dart hits you!
You scratch Natasha.
You kill Natasha!
You feel Natasha's spirit has finally been put to rest.
You have reached level 5!
You feel clever.
You aren't carrying any items that you can evoke.
The orc priest invokes the aid of Beogh against you.
Beogh smites you!
Ouch! That really hurt!
You die...

.........#############.♣
.........#..............
.........†>.............
.........###############
.........# #######.##
#####.### #.......# o
######....@..# ...
#...##.......####....o
#...##.......ooo.#
##...######.##....#
#.[..'.)).............
##..)#########....###.#
##### #....# #....#
#.♣.♣#


You could see an orc priest and 2 orc wizards.

Vanquished Creatures
  Natasha (thrice) (D:3)
  5 adders
  4 worms (D:2)
  A dart slug (D:1)
  3 leopard geckos
  4 orcs (D:3)
  8 bats
  3 giant cockroaches
  6 goblins
  3 hobgoblins
  6 jackals
  A quokka (D:2)
  3 frilled lizards (D:2)
  11 kobolds
  8 rats
69 creatures vanquished.

Vanquished Creatures (others)
  A plant (D:3)
1 creature vanquished.

Grand Total: 70 creatures vanquished

Notes
Turn   | Place    | Note
-------+----------+-------------------------------------------
     0 | D:1      | night the Felid Transmuter began the quest for the Orb.
     0 | D:1      | Reached XP level 1. HP: 9/9 MP: 4/4
   641 | D:1      | Reached XP level 2. HP: 12/12 MP: 4/6
   926 | D:1      | Reached XP level 3. HP: 15/15 MP: 5/7
  1061 | D:1      | Learned a level 2 spell: Wereblood
  1065 | D:1      | Learned a level 3 spell: Spider Form
  1417 | D:2      | Reached skill level 4 in Unarmed Combat
  1789 | D:2      | Reached XP level 4. HP: 19/19 MP: 6/8
  2867 | D:2      | Slain by an adder
  2868 | D:2      | Reached XP level 3. HP: -1/15 MP: 7/7
  3024 | D:3      | Noticed Natasha
  3031 | D:3      | Killed Natasha
  3032 | D:3      | Reached XP level 4. HP: 10/19 MP: 4/8
  3384 | D:3      | Noticed Natasha
  3398 | D:3      | Killed Natasha
  3923 | D:3      | Noticed Natasha
  3934 | D:3      | Killed Natasha
  3935 | D:3      | Reached XP level 5. HP: 7/22 MP: 9/9
  3936 | D:3      | Killed from afar by an orc priest

Illustrated notes

Levels and vault maps discovered:
D:1:      minmay_arrival_up_and_down, layout_basic
D:2:      minmay_angry_zag, layout_basic, minmay_cut_off
D:3:      layout_basic, serial_forest, infiniplex_forest_clump_long,
          infiniplex_forest_straight_2, infiniplex_forest_zigzag_1,
          infiniplex_forest_corner_1, infiniplex_forest_zigzag_2,
          infiniplex_forest_lined_3, infiniplex_forest_clump_small,
          fedhas_altar_4, uniq_natasha

Skill      XL: |  1  2  3 |
---------------+----------+-----
Dodging        | 3 |  3.9
Unarmed Combat | 4 |  4.7
Transmutations | 3 |  3.5
Fighting       | |  1.0
Spellcasting   | |  2.5
Poison Magic   | |  0.7

Action                   |  1- 3 |  4- 6 || total
-------------------------+-------+-------++-------
Melee: Unarmed           |    97 |   105 ||   202
       Bite              |     7 |     6 ||    13
       Headbutt          |    10 |     8 ||    18
       Punch             |       |     1 ||     1
 Cast: Beastly Appendage |    12 |     6 ||    18
       Spider Form       |     4 |     3 ||     7
 Stab: Sleeping          |     6 |     1 ||     7
Armor: Skin              |     5 |     8 ||    13
Dodge: Dodged            |    72 |    71 ||   143

Table legend: (Time is in decaauts)
 A = Elapsed time spent in this place.
 B = Non-inter-level travel time spent in this place.
 C = Inter-level travel time spent in this place.
 D = Time resting spent in this place.
 E = Time spent auto-exploring this place.
 F = Levels seen in this place.
 G = Mean time per level.
                   A        B        C        D        E       F      G
               +--------+--------+--------+--------+--------+-----+--------+
         Total |   3558 |   3521 |     37 |   1236 |   1706 |   3 | 1186.0 |
       Dungeon |   3558 |   3521 |     37 |   1236 |   1706 |   3 | 1186.0 |
               +--------+--------+--------+--------+--------+-----+--------+

Top non-repeatable levels by time:
     D:2: 1611 daAuts
     D:3: 990 daAuts
     D:1: 956 daAuts
